[ AOE2 MATCH · #506943729 ]
UnrankedHuns vs Persians
Player's team · LOSS
Rival team · WIN
[ REPLAY ANALYSIS · EXTRACTED FROM THE RECORDED GAME ]
Feudal
10:40
Castle
24:38
Imperial
—
| APM avg | 71.9 |
| APM peak | 118 |
| eAPM avg | 33.9 |
| Villagers / military | 67 / 53 |
Focus
⚔️ 31.7% · 🌾 68.3%
Knight ×19 · Archer ×17 · Militia ×4 · Spearman ×4 · Skirmisher ×4 · Monk ×3
Feudal
8:54
Castle
28:06
Imperial
—
| APM avg | 50.3 |
| APM peak | 94 |
| eAPM avg | 23.6 |
| Villagers / military | 68 / 44 |
Focus
⚔️ 28.8% · 🌾 71.2%
Camel Scout ×22 · Scout Cavalry ×20 · Spearman ×2
Match map
Initial resources + every placement click. Lines = walls · curves = elevation contours. ◆ gold · ⬟ stone · ● berries · ✦ relic · ◌ wall gap
Your base· Open — unwalled flank
Nachomac's base· ✓ Closed at 28:06 · 67t walls · 2 gate(s)
Smoothed initial terrain · ◌ = detected wall gap · hover for details
Inputs per minute
— Pedro - - Nachomac
Build order — Pedro
First 150 of 191 actions detected
| 0:00 | Queue | Villager (Male) |
| 0:00 | Queue | Villager (Male) |
| 0:01 | Queue | Villager (Male) |
| 0:13 | Queue | Villager (Male) |
| 1:26 | Queue | Villager (Male) |
| 1:50 | Queue | Villager (Male) |
| 1:59 | Build | Lumber Camp |
| 2:17 | Queue | Villager (Male) |
| 2:53 | Queue | Villager (Male) |
| 3:04 | Queue | Villager (Male) |
| 3:29 | Queue | Villager (Male) |
| 4:13 | Queue | Villager (Male) |
| 4:52 | Queue | Villager (Male) |
| 4:56 | Queue | Villager (Male) |
| 5:03 | Build | Barracks |
| 5:07 | Queue | Villager (Male) |
| 5:41 | Queue | Villager (Male) |
| 5:43 | Queue | Villager (Male) |
| 5:57 | Queue | Militia |
| 6:02 | Queue | Militia |
| 6:02 | Queue | Militia |
| 6:13 | Queue | Villager (Male) |
| 6:21 | Queue | Villager (Male) |
| 6:23 | Build | Mill |
| 6:40 | Queue | Villager (Male) |
| 6:57 | Research | Loom |
| 8:30 | Research | Feudal Age |
| 8:37 | Build | Lumber Camp |
| 8:45 | Queue | Villager (Male) |
| 8:47 | Queue | Villager (Male) |
| 8:50 | Queue | Villager (Male) |
| 9:26 | Queue | Villager (Male) |
| 9:29 | Build | Mining Camp |
| 9:52 | Queue | Villager (Male) |
| 10:40 | Age | Feudal Age |
| 10:42 | Build | Archery Range |
| 10:51 | Build | Watch Tower |
| 10:51 | Queue | Villager (Male) |
| 10:54 | Research | Double-Bit Axe |
| 11:14 | Build | Archery Range |
| 11:18 | Build | Archery Range |
| 11:22 | Queue | Villager (Male) |
| 11:23 | Queue | Villager (Male) |
| 11:24 | Queue | Archer |
| 11:29 | Queue | Archer |
| 11:30 | Queue | Archer |
| 11:36 | Queue | Villager (Male) |
| 11:40 | Build | Palisade Wall |
| 11:41 | Build | Palisade Wall |
| 11:42 | Build | Palisade Wall |
| 11:43 | Build | Palisade Wall |
| 11:45 | Queue | Archer |
| 11:56 | Queue | Archer |
| 11:56 | Queue | Archer |
| 12:10 | Queue | Villager (Male) |
| 12:10 | Queue | Villager (Male) |
| 12:19 | Queue | Archer |
| 12:27 | Build | Blacksmith |
| 12:33 | Queue | Spearman |
| 13:02 | Build | Palisade Wall |
| 13:03 | Build | Palisade Wall |
| 13:05 | Queue | Spearman |
| 13:10 | Queue | Archer |
| 13:10 | Queue | Archer |
| 13:10 | Queue | Villager (Male) |
| 13:31 | Build | Farm |
| 13:56 | Queue | Villager (Male) |
| 14:03 | Queue | Villager (Male) |
| 14:05 | Build | Farm |
| 14:06 | Build | Farm |
| 14:24 | Queue | Villager (Male) |
| 14:25 | Build | Farm |
| 14:27 | Build | Farm |
| 14:29 | Queue | Villager (Male) |
| 14:32 | Build | Farm |
| 14:33 | Queue | Villager (Male) |
| 14:43 | Queue | Skirmisher |
| 15:07 | Research | Fletching |
| 15:15 | Build | Palisade Wall |
| 15:18 | Build | Palisade Wall |
| 15:21 | Queue | Villager (Male) |
| 15:24 | Build | Farm |
| 15:27 | Queue | Skirmisher |
| 15:27 | Queue | Skirmisher |
| 15:27 | Queue | Skirmisher |
| 15:43 | Queue | Villager (Male) |
| 15:52 | Queue | Villager (Male) |
| 15:54 | Build | Farm |
| 15:56 | Build | Farm |
| 16:00 | Queue | Spearman |
| 16:03 | Build | Palisade Wall |
| 16:04 | Build | Palisade Wall |
| 16:07 | Build | Palisade Wall |
| 16:18 | Queue | Archer |
| 16:42 | Build | Farm |
| 16:44 | Queue | Spearman |
| 16:50 | Queue | Archer |
| 16:50 | Queue | Villager (Male) |
| 17:10 | Build | Farm |
| 17:12 | Build | Farm |
| 17:20 | Queue | Archer |
| 17:53 | Queue | Archer |
| 17:53 | Queue | Archer |
| 18:01 | Queue | Militia |
| 18:06 | Queue | Villager (Male) |
| 18:09 | Queue | Archer |
| 18:09 | Queue | Villager (Male) |
| 18:12 | Build | Farm |
| 18:20 | Queue | Villager (Male) |
| 18:22 | Build | Farm |
| 18:28 | Queue | Villager (Male) |
| 18:42 | Queue | Archer |
| 18:42 | Queue | Villager (Male) |
| 19:02 | Queue | Archer |
| 19:02 | Queue | Villager (Male) |
| 19:04 | Build | Farm |
| 19:19 | Build | Farm |
| 19:23 | Queue | Villager (Male) |
| 19:36 | Queue | Villager (Male) |
| 19:55 | Queue | Villager (Male) |
| 19:58 | Build | Farm |
| 20:17 | Build | Farm |
| 20:18 | Queue | Villager (Male) |
| 20:55 | Queue | Villager (Male) |
| 21:10 | Build | Farm |
| 21:58 | Research | Castle Age |
| 22:18 | Build | Stable |
| 22:21 | Research | Scale Barding Armor |
| 23:27 | Build | Stable |
| 23:30 | Research | Bloodlines |
| 23:30 | Research | Forging |
| 23:37 | Queue | Villager (Male) |
| 24:03 | Build | Market |
| 24:06 | Build | Farm |
| 24:28 | Build | Farm |
| 24:31 | Research | Horse Collar |
| 24:38 | Age | Castle Age |
| 24:42 | Queue | Knight |
| 24:42 | Queue | Knight |
| 24:43 | Queue | Knight |
| 24:43 | Queue | Knight |
| 24:44 | Queue | Knight |
| 24:55 | Queue | Knight |
| 25:01 | Queue | Knight |
| 25:05 | Queue | Knight |
| 25:19 | Queue | Villager (Male) |
| 25:25 | Build | Palisade Wall |
| 25:27 | Build | Palisade Wall |
| 25:34 | Queue | Knight |
| 25:34 | Queue | Knight |
Build order — Nachomac
First 150 of 215 actions detected
| 0:01 | Queue | Villager (Male) |
| 0:02 | Queue | Villager (Male) |
| 0:03 | Build | House |
| 0:05 | Build | House |
| 0:14 | Queue | Villager (Male) |
| 0:15 | Queue | Villager (Male) |
| 0:22 | Queue | Villager (Male) |
| 1:46 | Queue | Villager (Male) |
| 1:55 | Build | Lumber Camp |
| 2:03 | Queue | Villager (Male) |
| 2:23 | Queue | Villager (Male) |
| 2:49 | Queue | Villager (Male) |
| 3:09 | Queue | Villager (Male) |
| 3:42 | Build | House |
| 3:43 | Build | Mill |
| 4:00 | Queue | Villager (Male) |
| 4:00 | Queue | Villager (Male) |
| 4:38 | Queue | Villager (Male) |
| 4:38 | Queue | Villager (Male) |
| 5:13 | Queue | Villager (Male) |
| 5:42 | Queue | Villager (Male) |
| 5:43 | Queue | Villager (Male) |
| 5:45 | Research | Loom |
| 6:28 | Build | Barracks |
| 6:50 | Research | Feudal Age |
| 7:10 | Build | House |
| 7:12 | Build | Palisade Wall |
| 7:13 | Build | Palisade Wall |
| 7:24 | Build | Palisade Wall |
| 7:30 | Build | Palisade Wall |
| 7:57 | Build | Palisade Wall |
| 8:11 | Build | House |
| 8:12 | Build | Palisade Wall |
| 8:26 | Queue | Villager (Male) |
| 8:29 | Build | House |
| 8:31 | Build | Palisade Wall |
| 8:46 | Queue | Villager (Male) |
| 8:54 | Age | Feudal Age |
| 9:23 | Queue | Villager (Male) |
| 9:35 | Build | House |
| 10:03 | Queue | Villager (Male) |
| 10:14 | Build | Stable |
| 10:20 | Build | Stable |
| 10:25 | Build | Palisade Wall |
| 10:33 | Queue | Villager (Male) |
| 10:33 | Queue | Villager (Male) |
| 10:36 | Research | Double-Bit Axe |
| 10:36 | Research | Double-Bit Axe |
| 10:52 | Queue | Spearman |
| 10:52 | Queue | Spearman |
| 10:59 | Queue | Villager (Male) |
| 11:08 | Build | Palisade Wall |
| 11:16 | Queue | Scout Cavalry |
| 11:16 | Queue | Scout Cavalry |
| 11:25 | Build | Palisade Wall |
| 11:26 | Queue | Scout Cavalry |
| 11:39 | Queue | Villager (Male) |
| 11:49 | Research | Horse Collar |
| 11:50 | Research | Horse Collar |
| 12:06 | Build | Farm |
| 12:06 | Queue | Villager (Male) |
| 12:14 | Queue | Villager (Male) |
| 12:16 | Build | Farm |
| 12:43 | Queue | Villager (Male) |
| 12:49 | Build | Lumber Camp |
| 13:03 | Queue | Villager (Male) |
| 13:26 | Queue | Scout Cavalry |
| 13:26 | Queue | Scout Cavalry |
| 13:32 | Build | Farm |
| 13:59 | Queue | Villager (Male) |
| 14:00 | Queue | Villager (Male) |
| 14:00 | Queue | Villager (Male) |
| 14:02 | Build | Farm |
| 14:02 | Build | Farm |
| 14:02 | Build | Farm |
| 14:03 | Build | Farm |
| 14:14 | Build | Farm |
| 14:30 | Build | House |
| 14:32 | Build | Palisade Wall |
| 14:51 | Build | Blacksmith |
| 14:56 | Build | Farm |
| 14:57 | Queue | Villager (Male) |
| 15:11 | Build | Farm |
| 15:17 | Build | Farm |
| 15:18 | Build | Farm |
| 15:20 | Queue | Villager (Male) |
| 15:21 | Queue | Villager (Male) |
| 15:29 | Build | Farm |
| 15:42 | Build | Farm |
| 15:42 | Build | Farm |
| 15:42 | Build | Farm |
| 15:45 | Queue | Villager (Male) |
| 15:45 | Queue | Villager (Male) |
| 16:09 | Queue | Villager (Male) |
| 16:10 | Queue | Villager (Male) |
| 16:11 | Build | Farm |
| 16:16 | Build | Farm |
| 16:20 | Build | Farm |
| 16:20 | Build | Farm |
| 16:20 | Build | Farm |
| 16:20 | Build | Farm |
| 16:20 | Build | Farm |
| 16:21 | Build | Farm |
| 16:26 | Queue | Villager (Male) |
| 16:26 | Queue | Villager (Male) |
| 16:34 | Build | House |
| 16:34 | Build | House |
| 16:45 | Queue | Villager (Male) |
| 17:01 | Queue | Villager (Male) |
| 17:16 | Build | Farm |
| 17:17 | Build | Farm |
| 17:17 | Build | Farm |
| 17:17 | Build | Farm |
| 17:31 | Research | Forging |
| 17:31 | Research | Forging |
| 17:41 | Queue | Villager (Male) |
| 17:52 | Queue | Villager (Male) |
| 17:56 | Build | Watch Tower |
| 18:16 | Queue | Villager (Male) |
| 18:33 | Queue | Villager (Male) |
| 18:50 | Build | Lumber Camp |
| 18:59 | Queue | Villager (Male) |
| 19:05 | Build | Palisade Gate |
| 19:12 | Build | Farm |
| 19:13 | Queue | Villager (Male) |
| 19:25 | Build | Farm |
| 19:30 | Research | Scale Barding Armor |
| 19:30 | Research | Scale Barding Armor |
| 19:45 | Build | Palisade Wall |
| 19:50 | Build | Farm |
| 19:55 | Build | Palisade Wall |
| 20:01 | Queue | Scout Cavalry |
| 20:01 | Queue | Scout Cavalry |
| 20:04 | Queue | Villager (Male) |
| 20:07 | Queue | Villager (Male) |
| 20:25 | Build | Farm |
| 20:27 | Queue | Scout Cavalry |
| 20:51 | Build | Lumber Camp |
| 20:54 | Queue | Scout Cavalry |
| 21:15 | Queue | Villager (Male) |
| 21:15 | Queue | Villager (Male) |
| 21:26 | Queue | Scout Cavalry |
| 21:36 | Queue | Scout Cavalry |
| 21:53 | Queue | Villager (Male) |
| 22:03 | Build | Mining Camp |
| 22:05 | Build | House |
| 22:06 | Build | House |
| 22:10 | Queue | Scout Cavalry |
| 22:16 | Queue | Villager (Male) |
| 22:32 | Build | Palisade Gate |
Match timeline
| 5:03 | Pedro · first_building Barracks |
| 6:28 | Nachomac · first_building Barracks |
| 7:12 | Nachomac · wall_segment Palisade Wall x1 |
| 7:13 | Nachomac · wall_segment Palisade Wall x5 |
| 7:24 | Nachomac · wall_segment Palisade Wall x7 |
| 7:30 | Nachomac · wall_segment Palisade Wall x4 |
| 7:57 | Nachomac · wall_segment Palisade Wall x6 |
| 8:12 | Nachomac · wall_segment Palisade Wall x1 |
| 8:31 | Nachomac · wall_segment Palisade Wall x3 |
| 8:54 | Nachomac · age_up feudal |
| 10:14 | Nachomac · first_building Stable |
| 10:25 | Nachomac · wall_segment Palisade Wall x2 |
| 10:40 | Pedro · age_up feudal |
| 10:42 | Pedro · first_building Archery Range |
| 11:08 | Nachomac · wall_segment Palisade Wall x1 |
| 11:25 | Nachomac · wall_segment Palisade Wall x11 |
| 11:40 | Pedro · wall_segment Palisade Wall x1 |
| 11:41 | Pedro · wall_segment Palisade Wall x1 |
| 11:42 | Pedro · wall_segment Palisade Wall x1 |
| 11:43 | Pedro · wall_segment Palisade Wall x1 |
| 13:02 | Pedro · wall_segment Palisade Wall x1 |
| 13:03 | Pedro · wall_segment Palisade Wall x1 |
| 14:32 | Nachomac · wall_segment Palisade Wall x8 |
| 15:15 | Pedro · wall_segment Palisade Wall x1 |
| 15:18 | Pedro · wall_segment Palisade Wall x1 |
| 16:03 | Pedro · wall_segment Palisade Wall x1 |
| 16:04 | Pedro · wall_segment Palisade Wall x1 |
| 16:07 | Pedro · wall_segment Palisade Wall x1 |
| 19:45 | Nachomac · wall_segment Palisade Wall x1 |
| 19:55 | Nachomac · wall_segment Palisade Wall x7 |
| 22:18 | Pedro · first_building Stable |
| 24:38 | Pedro · age_up castle |
| 25:04 | Pedro · first_market_buy 100 food |
| 25:25 | Pedro · wall_segment Palisade Wall x1 |
| 25:27 | Pedro · wall_segment Palisade Wall x1 |
| 26:01 | Nachomac · wall_segment Palisade Wall x4 |
| 26:07 | Nachomac · wall_segment Palisade Wall x9 |
| 27:23 | Pedro · first_market_sell 100 food |
| 27:30 | Pedro · first_building Siege Workshop |
| 28:06 | Nachomac · age_up castle |
| 28:18 | Pedro · first_building Monastery |
| 29:36 | Pedro · wall_segment Palisade Wall x1 |
| 29:38 | Pedro · wall_segment Palisade Wall x1 |
| 29:39 | Pedro · wall_segment Palisade Wall x1 |
| 30:25 | Pedro · wall_segment Palisade Wall x1 |
| 30:54 | Pedro · resign |
[ AI ANALYSIS · 1 CREDIT ]
What really happened in this match?
Wolo.gg analyzes every decision: build order, eco, micro, common mistakes by bracket. Personalized analysis on WhatsApp or Discord in 30 seconds.
Civ guide
Huns
Perfil
Jugador #339375